[Event "*** Titled Tuesday Blitz"]
[Site "Chess.com"]
[Date "2021.02.09"]
[Round "6"]
[White "Chessbard1972"]
[Black "theultimatehunter"]
[Result "0-1"]
[WhiteElo "2392"]
[BlackElo "2247"]
[TimeControl "180+1"]
[EndTime "11:08:39 PST"]
[Termination "theultimatehunter won on time"]

1. d4 d5 2. Nf3 Nf6 3. c4 e6 4. Bg5 h6 5. Bh4 Be7 6. e3 O-O 7. Nc3 b6 8. cxd5 exd5 9. Bd3 c5 10. O-O Nc6 11. dxc5 bxc5 12. Bxf6 Bxf6 13. Nxd5 Bxb2 14.
Rb1 Rb8 15. e4 Be6 16. Qc2 Nd4 17. Nxd4 Bxd4 18. Bc4 Qh4 19. g3 Qg5 20. Kg2 h5 21. f4 Qg4 22. f5 Bxd5 23. Bxd5 h4 24. Rf4 h3+ 25. Kh1 Rxb1+ 26. Qxb1 Qe2 27. Qf1 Qxf1+ 28.
Rxf1 Rb8 29. g4 Be5 30. g5 Kf8 31. g6 f6 32. Bb3 c4 33. Bxc4 Rb2 34. Rc1 Rxh2+ 35.
Kg1 Rg2+ 36. Kh1 Rh2+ 37. Kg1 Rg2+ 38. Kh1 Rg4 39. Bd5 h2 40. Bc6 Ke7 41. Bd5 Kd6 42.
Rd1 Kc5 43. Ba8 Kb4 44. Bd5 Kc3 0-1

[Event "*** Titled Tuesday Blitz"]
[Site "Chess.com"]
[Date "2021.02.09"]
[Round "6"]
[White "Indianlad"]
[Black "Goryachkina"]
[Result "1-0"]
[WhiteElo "2905"]
[BlackElo "2678"]
[TimeControl "180+1"]
[EndTime "11:08:40 PST"]
[Termination "Indianlad won on time"]

1. Nf3 d5 2. d4 Nf6 3. Bf4 c5 4.
e3 Nc6 5. Nbd2 cxd4 6. exd4 Bf5 7. Bb5 e6 8. c4 dxc4 9. Ne5 Rc8 10. Nxc6 bxc6 11.
Ba6 Bd3 12. Qa4 Nd5 13. Bxc8 Qxc8 14. Bg3 Bb4 15. a3 Bxd2+ 16. Kxd2 O-O 17. b3 Qd7 18. Qa5 Nb6 19. Qc5 Rd8 20. a4 Be4 21. a5 c3+ 22. Kxc3 Nd5+ 23. Kd2 Bxg2 24. Rhg1 Be4 25. h4 h5 26. Kc1 Bg6 27. Kb2 Nf6 28. Rac1 Rc8 29.
Be5 Nd5 30. Qc4 Kh7 31. Qe2 Qb7 32. Rg5 Qb4 33. Rxh5+ Kg8 34. Rg5 Qxa5 35. Bd6 Rd8 36. Bc5 Rb8 37. Rxg6 fxg6 38. Qxe6+ Kh7 39. h5 1-0

[Event "*** Titled Tuesday Blitz"]
[Site "Chess.com"]
[Date "2021.02.09"]
[Round "6"]
[White "Fandorine"]
[Black "Agibileg"]
[Result "1-0"]
[WhiteElo "2841"]
[BlackElo "2502"]
[TimeControl "180+1"]
[EndTime "11:08:40 PST"]
[Termination "Fandorine won on time"]

1. e4 c5 2. Nf3 e6 3. d4 cxd4 4. Nxd4 Nc6 5. Nc3 a6 6. Bf4 d6 7. Nxc6 bxc6 8. Qd2 e5 9. Bg3 Nf6 10. O-O-O Be7 11. Be2 O-O 12. f4 Qa5 13. Kb1 Kh8 14.
Bc4 Rb8 15. Bb3 Bg4 16. Rde1 Nh5 17. f5 Bxf5 18. exf5 f6 19. Bf2 Nf4 20. g3 Nh3 21.
Be3 d5 22. Ne4 Qb5 23. Qg2 dxe4 24. Qxh3 a5 25. a4 Qb7 26. Qf1 c5 27. Qc4 Qc6 28.
Bd2 Rfd8 29. Bc3 Rd4 30. Bxd4 exd4 31. Qe6 Qxe6 32. Bxe6 e3 33. c3 dxc3 34. b3 c4 35.
Bxc4 Bc5 36. Kc2 g6 37. Rhf1 Kg7 38. Rf3 Rd8 39. Rexe3 Rd2+ 40. Kb1 Rd1+ 41. Kc2 Rd2+ 42. Kb1 c2+ 43. Kc1 Ba3+ 44. Kxd2 c1=Q+ 45. Ke2 Bc5 46. Rd3 Qg1 47. h4 Qg2+ 48. Ke1 1-0

[Event "*** Titled Tuesday Blitz"]
[Site "Chess.com"]
[Date "2021.02.09"]
[Round "6"]
[White "agartha01"]
[Black "Alohamora11"]
[Result "0-1"]
[WhiteElo "2299"]
[BlackElo "2482"]
[TimeControl "180+1"]
[EndTime "11:08:40 PST"]
[Termination "Alohamora11 won by resignation"]

1. d4 Nf6 2. Bf4 c5 3. c3 d5 4. e3 e6 5. Nf3 Bd6 6. Bg3 Qc7 7. Nbd2 Nbd7 8. Bb5 O-O 9. O-O a6 10. Bxd7 Nxd7 11. e4 Bxg3 12. hxg3 cxd4 13. Nxd4 dxe4 14.
Nxe4 Nc5 15. Nxc5 Qxc5 16. Qe2 b6 17. Qe4 Ra7 18. Qc6 Qxc6 19. Nxc6 Rc7 20. Ne5 f6 21. Nf3 Rd8 22. Rfd1 Rcd7 23. Rxd7 Rxd7 24. Kf1 Bb7 25. Ke2 Kf7 26. Ne1 h5 27. f3 g5 28. Nd3 Kg6 29.
a4 e5 30. a5 e4 31. fxe4 Bxe4 32. Nf2 Bxg2 33. axb6 Bb7 34. Nd3 h4 35. gxh4 gxh4 36. Nc5 Re7+ 37. Kf2 Kf5 38. c4 Bc6 39. Ra3 Rg7 40. Rb3 Rg2+ 41. Kf1 h3 42. Rxh3 Rxb2 43. Nxa6 Bg2+ 0-1

[Event "*** Titled Tuesday Blitz"]
[Site "Chess.com"]
[Date "2021.02.09"]
[Round "6"]
[White "zimmm36"]
[Black "Savagelittlemole"]
[Result "1/2-1/2"]
[WhiteElo "2222"]
[BlackElo "2396"]
[TimeControl "180+1"]
[EndTime "11:08:40 PST"]
[Termination "Game drawn by repetition"]

1. d4 Nf6 2. c4 c5 3. d5 e6 4. Nc3 exd5 5. cxd5 d6 6. e4 g6 7. f4 Bg7 8. Bb5+ Nfd7 9. a4 O-O 10. Nf3 Na6 11. O-O Nc7 12. Bd3 b6 13. f5 Ne5 14.
Bf4 Nxf3+ 15. Qxf3 Qe7 16. Bg3 Be5 17. f6 Qe8 18.
Kh1 Kh8 19. Qe3 Rg8 20. Bxe5 Qxe5 21. Qh6 g5 22. Rf3 Rg6 23. Qf8+ Rg8 24. Qxf7 Bg4 25. Rg3 Raf8 26. Qxc7 Bh5 27. Rf1 Rf7 28. Qc6 Rgf8 29. Rf5 Qd4 30. Rfxg5 Bg6 31. Qxd6 Rxf6 32. Qxf6+ Qxf6 33. h3 Qd4 34. Kh2 c4 35. Bb1 Rf1 36. R3g4 Qg1+ 37. Kg3 Qf2+ 38. Kh2 Qxb2 39. d6 Qxc3 40. d7 Qd4 41. Rd5 Qg1+ 42. Kg3 Qf2+ 43. Kh2 Qg1+ 44. Kg3 Qf2+ 45. Kh2 Qg1+ 1/2-1/2

[Event "*** Titled Tuesday Blitz"]
[Site "Chess.com"]
[Date "2021.02.09"]
[Round "6"]
[White "GianmarcoVaR"]
[Black "Ghost_Pepper"]
[Result "0-1"]
[WhiteElo "2571"]
[BlackElo "2422"]
[TimeControl "180+1"]
[EndTime "11:08:41 PST"]
[Termination "Ghost_Pepper won on time"]

1. e4 c5 2. Nf3 d6 3. Bc4 Nf6 4. d3 g6 5. O-O Bg7 6. c3 O-O 7. h3 Nc6 8. Re1 Rb8 9. Bb3 b5 10. d4 b4 11. Be3 bxc3 12. bxc3 cxd4 13. cxd4 Na5 14. Bc2 Nc4 15. Bf4 Ba6 16. Nc3 Qa5 17.
Ne2 Nb2 18. Qd2 Qxd2 19. Bxd2 Rfc8 20. Nc3 Nc4 21. e5 Nxd2 22. Nxd2 Rxc3 23. exf6 Bxf6 24. Bb3 Bxd4 25. Rad1 Rc7 26. Ne4 Be5 27. Ng5 e6 28. Nf3 Bf4 29. g3 Bh6 30. Rxd6 Bb7 31. Ne5 Bf8 32. Rd7 Rbc8 33. Rd2 a5 34. Rdd1 Bb4 35. Re2 h5 36. Nd7 Rc1 37. Nf6+ Kg7 38. Nd7 Rxd1+ 39.
Bxd1 Rc1 0-1

[Event "*** Titled Tuesday Blitz"]
[Site "Chess.com"]
[Date "2021.02.09"]
[Round "6"]
[White "HanSchut"]
[Black "Das_Virus_2020"]
[Result "0-1"]
[WhiteElo "2281"]
[BlackElo "2449"]
[TimeControl "180+1"]
[EndTime "11:08:41 PST"]
[Termination "Das_Virus_2020 won by checkmate"]

1. e4 e6 2. d4 d5 3. Nc3 Nf6 4. Bg5 Be7 5. e5 Nfd7 6. Bxe7 Qxe7 7. Qg4 f5 8. Qh5+ g6 9. Qh6 a6 10. f4 c5 11. Nf3 Nc6 12. dxc5 Nxc5 13. h4 Bd7 14. h5 Rg8 15. Ng5 O-O-O 16. Nxh7 gxh5 17. Rxh5 d4 18. Nd1 Ne4 19. a3 Rh8 20. Bd3 Rdg8 21. Nf2 Nxf2 22. Kxf2 Rg7 23. Rah1 Rgxh7 24. Qxh7 Rxh7 25.
Rxh7 Qc5 26. Rg7 Nb8 27. Rh8+ Kc7 28. Rhh7 Kb6 29. Ke2 Bc6 30. g3 a5 31. Re7 Bd5 32.
Rd7 Na6 33. Rd6+ Bc6 34. Rxe6 Qd5 35. Rhh6 Qf3+ 36. Ke1 Nc5 37. Reg6 Qe3+ 38. Kf1 Nxd3 39. cxd3 Qxd3+ 40. Kf2 Qe3+ 41. Kf1 d3 42. Rd6 Qe2+ 43.
Kg1 Qg2# 0-1

[Event "*** Titled Tuesday Blitz"]
[Site "Chess.com"]
[Date "2021.02.09"]
[Round "6"]
[White "Fortitudine"]
[Black "JiiHart"]
[Result "1-0"]
[WhiteElo "2330"]
[BlackElo "2101"]
[TimeControl "180+1"]
[EndTime "11:08:41 PST"]
[Termination "Fortitudine won by resignation"]

1. c4 e5 2. g3 Nf6 3. Bg2 Be7 4. Nc3 O-O 5. Nf3 Nc6 6. O-O d5 7. cxd5 Nxd5 8. d3 Be6 9. Bd2 Nb6 10. Rc1 Kh8 11.
a3 f5 12. Na4 Bd5 13. Nc5 Rb8 14. e4 Bxc5 15. exd5 Qxd5 16. Ng5 e4 17. Rxc5 Qxc5 18. Qh5 h6 19. Bc3 Nd4 20. Bxd4 Qxd4 21. dxe4 Qf6 22. h4 Rbe8 23. exf5 c6 24. g4 Nc4 25.
Ne4 Qe5 26. f6 Rxf6 27. Nxf6 gxf6 28. Qxh6+ Kg8 29. Qg6+ Kf8 30. h5 Nd6 31. h6 Qg5 32.
Qd3 Re6 33. h7 Kg7 34. h8=Q+ Kxh8 35. Qd4 Kg7 36. Qxa7 Qb5 37. Qb8 Re7 38. Qxd6 Qe5 39. Qxe5 Rxe5 40. Bf3 Rb5 41. Rb1 Rb3 42. Bd1 Kg6 43.
Bxb3 1-0

[Event "*** Titled Tuesday Blitz"]
[Site "Chess.com"]
[Date "2021.02.09"]
[Round "6"]
[White "kirillshevchenko"]
[Black "Pintacara"]
[Result "1-0"]
[WhiteElo "2805"]
[BlackElo "2502"]
[TimeControl "180+1"]
[EndTime "11:08:42 PST"]
[Termination "kirillshevchenko won by checkmate"]

1. e4 c5 2. Nc3 a6 3. Nf3 e6 4.
d4 cxd4 5. Nxd4 Qc7 6. g3 b5 7. Bg2 Bb7 8. O-O Nc6 9. Nxc6 Bxc6 10. Re1 Bc5 11. Qg4 g6 12. e5 h5 13. Qh4 b4 14.
Ne4 Bxe4 15. Qxe4 Rb8 16. Bg5 Be7 17. Bf4 Nh6 18. Rad1 Nf5 19. Rd2 O-O 20. Red1 Rfd8 21. Bh3 Qc6 22. Qxc6 dxc6 23. Bg2 c5 24. Be4 c4 25.
Rd7 a5 26. R1d2 Rxd7 27. Rxd7 Kf8 28. Rc7 c3 29. bxc3 bxc3 30. Rxc3 Nd4 31. Kg2 Ne2 32. Bh6+ Kg8 33. Rc7 Bf8 34. Bg5 Nd4 35. h4 Nf5 36.
c4 Nd4 37. c5 Rb2 38. c6 Rxa2 39. Rc8 Nb5 40. Be7 Kh7 41. Bxf8 a4 42. c7 Nxc7 43. Rxc7 a3 44. Rxf7+ Kh8 45. Bxg6 Re2 46. Bxa3 Kg8 47. Rf4 Kg7 48. Bxh5 Rxe5 49. Bb2 Kh6 50. Bxe5 Kxh5 51. Rf6 Kg4 52. f3+ Kh5 53. g4+ Kxh4 54. Bf4 e5 55. Rh6# 1-0

[Event "*** Titled Tuesday Blitz"]
[Site "Chess.com"]
[Date "2021.02.09"]
[Round "6"]
[White "FontVella8"]
[Black "JoachimMouhamad"]
[Result "1-0"]
[WhiteElo "2576"]
[BlackElo "2387"]
[TimeControl "180+1"]
[EndTime "11:08:43 PST"]
[Termination "FontVella8 won on time"]

1. e4 e5 2. Nc3 Nf6 3. g3 d5 4. Bg2 d4 5. Nce2 c5 6. d3 Nc6 7. h3 Be7 8. f4 O-O 9. Nf3 Qc7 10. O-O Bd7 11. f5 Be8 12. g4 Nd7 13. Ng3 f6 14.
h4 c4 15. g5 cxd3 16. cxd3 Rc8 17. a3 Nd8 18. Rf2 a5 19. Bd2 Qb6 20. Qe1 a4 21. Ba5 Qb5 22. Bf1 Nc5 23. Bb4 Nc6 24. Rc1 Nb3 25. Bxe7 Nxe7 26. Rxc8 Nxc8 27. Rc2 Nd6 28. Nd2 Qb6 29. Nxb3 Qxb3 30. Rg2 Kh8 31. Qd2 Bf7 32. g6 hxg6 33. fxg6 Bxg6 34. h5 Bh7 35. h6 g5 36.
Nh5 Qf7 37. Rh2 Ne8 38. Qb4 Bg6 39. Ng3 Kh7 40. Bh3 b6 41. Bf5 Rg8 42. Qxb6 Qc7 43. Qe6 Qc1+ 44. Nf1 Bxf5 45. Qxf5+ Kh8 46. h7 Rg7 47.
Qe6 1-0

[Event "*** Titled Tuesday Blitz"]
[Site "Chess.com"]
[Date "2021.02.09"]
[Round "6"]
[White "Vasily85"]
[Black "misterlamine"]
[Result "1-0"]
[WhiteElo "2446"]
[BlackElo "2277"]
[TimeControl "180+1"]
[EndTime "11:08:43 PST"]
[Termination "Vasily85 won by checkmate"]

1. d4 Nf6 2. Bg5 Ne4 3. Bf4 d5 4. e3 Bf5 5. Bd3 e6 6. f3 Nf6 7. Ne2 Bxd3 8. Qxd3 Bd6 9. Nbc3 O-O 10. g4 Re8 11. O-O-O c5 12. g5 c4 13. Qd2 Bxf4 14. Nxf4 Nfd7 15. e4 dxe4 16. fxe4 a6 17. h4 b5 18. e5 Qa5 19. Kb1 Nc6 20. Qg2 Rac8 21. g6 hxg6 22. h5 b4 23. Ne4 b3 24. cxb3 cxb3 25.
a3 Ncxe5 26. dxe5 Rc2 27. Rd2 Qxe5 28. Nd3 Qd4 29. Re1 Nc5 30. Nexc5 Rc8 31. Rxc2 bxc2+ 32. Qxc2 gxh5 33. Re4 e5 34. Rxd4 exd4 35. Qc4 Re8 36. Qxd4 h4 37. Qxh4 Re2 38. Ka2 Re8 39. Nxa6 f6 40.
Nac5 Kf7 41. b4 g5 42. Qh7+ Kf8 43. Kb3 Re3 44. Nd7+ Ke8 45. Nxf6+ Kd8 46. Qd7# 1-0

[Event "*** Titled Tuesday Blitz"]
[Site "Chess.com"]
[Date "2021.02.09"]
[Round "6"]
[White "yuki_chess123"]
[Black "onnoelgersma"]
[Result "0-1"]
[WhiteElo "2290"]
[BlackElo "2462"]
[TimeControl "180+1"]
[EndTime "11:08:44 PST"]
[Termination "onnoelgersma won by resignation"]

1. d4 d5 2. c4 e6 3. Nc3 Nf6 4. Nf3 a6 5. cxd5 exd5 6. Bg5 Be6 7.
e3 Bd6 8. Bd3 Nbd7 9. O-O O-O 10. b4 c6 11. a4 Bxb4 12. Bxh7+ Kh8 13. Na2 Bd6 14. Bc2 b5 15. Nc1 Nb6 16. Ne5 Rc8 17. axb5 axb5 18. Ra6 Nc4 19. Nxc6 Rxc6 20. Rxc6 Kg8 21.
Nb3 Bg4 22. f3 Bd7 23. Ra6 Bxh2+ 24. Kxh2 Ng4+ 25. fxg4 Qxg5 26. Qf3 Nxe3 27. Bf5 Bxf5 28. gxf5 Nxf1+ 29. Qxf1 Re8 30. Nc5 Qh4+ 31. Kg1 Re1 32. Ra8+ Kh7 33. Nd7 Rxf1+ 34. Kxf1 Qf4+ 35. Kg1 Qxf5 36. Nf8+ Kh6 37. Ra6+ g6 38. Ra7 Qc8 39. Nd7 Qc1+ 40.
Kh2 Qf4+ 41. g3 Qxd4 42. Rb7 Qd2+ 43. Kh3 Qd1 44. Nf6 Qh1+ 45. Kg4 Qd1+ 46. Kh3 Qf1+ 47. Kg4 Qxf6 0-1

[Event "*** Titled Tuesday Blitz"]
[Site "Chess.com"]
[Date "2021.02.09"]
[Round "6"]
[White "SanchezKelvin"]
[Black "kidagent"]
[Result "1-0"]
[WhiteElo "2444"]
[BlackElo "2275"]
[TimeControl "180+1"]
[EndTime "11:08:44 PST"]
[Termination "SanchezKelvin won on time"]

1. e4 c5 2. Nf3 d6 3. d4 cxd4 4. Nxd4 Nf6 5. Nc3 a6 6. Bg5 e6 7.
f4 Be7 8. Qf3 Qc7 9. O-O-O Nbd7 10. g4 b5 11. a3 Bb7 12. Bd3 Nc5 13. Kb1 h6 14. Bxf6 Bxf6 15. Nde2 O-O 16. h4 d5 17. e5 d4 18. Ne4 Be7 19. Nxd4 Rfd8 20. Qe3 Nxd3 21. Rxd3 Bc5 22. Rhd1 Bb6 23. Nd6 Bd5 24. f5 Bc5 25. Ne4 Bb6 26. Qf4 Rac8 27. Nc3 Bc4 28.
R3d2 exf5 29. Nxf5 Rxd2 30. Rxd2 Re8 31. Nd6 Rf8 32. g5 hxg5 33. hxg5 Be6 34. Rh2 Rd8 35. Qh4 Kf8 36. Qh8+ Ke7 37. Qxg7 Rxd6 38. Qf6+ Kd7 39. exd6 Qxd6 40. Rh1 Bd4 41. Qf3 Kc7 42. Rd1 Qc5 43. Qf4+ Be5 44. Qd2 Kb7 45. Ne4 1-0

[Event "*** Titled Tuesday Blitz"]
[Site "Chess.com"]
[Date "2021.02.09"]
[Round "6"]
[White "ailime26"]
[Black "DinaBelenkaya"]
[Result "1-0"]
[WhiteElo "2131"]
[BlackElo "2353"]
[TimeControl "180+1"]
[EndTime "11:08:44 PST"]
[Termination "ailime26 won on time"]

1. e4 d5 2. exd5 Qxd5 3. Nc3 Qa5 4. Nf3 Nf6 5. d4 c6 6. Bd2 Qb6 7. Be2 Bf5 8. O-O e6 9. Na4 Qc7 10. c4 Be7 11. Ne5 Nbd7 12. Bf4 Nxe5 13. Bxe5 Bd6 14. Qb3 O-O-O 15. Nc5 Bxe5 16. dxe5 Nd7 17. Qa3 Kb8 18.
Nxd7+ Rxd7 19. Qe3 Rhd8 20. Rad1 Qa5 21. c5 Rd5 22. Bf3 Rd3 23. Rxd3 Rxd3 24. Qg5 Bg6 25. Qe7 a6 26. a3 Qd2 27. b4 Qc3 28. Be2 Rd2 29.
Bf3 Qxe5 30. a4 Qc7 31. Qe8+ Ka7 32. b5 cxb5 33. axb5 Qxc5 34. bxa6 Rb2 35. Qa4 1-0

[Event "*** Titled Tuesday Blitz"]
[Site "Chess.com"]
[Date "2021.02.09"]
[Round "6"]
[White "Sibelephant"]
[Black "Murad_Ibrahimli"]
[Result "1-0"]
[WhiteElo "3025"]
[BlackElo "2718"]
[TimeControl "180+1"]
[EndTime "11:08:45 PST"]
[Termination "Sibelephant won by checkmate"]

1. c4 Nf6 2. Nc3 g6 3. g3 Bg7 4. Bg2 O-O 5. Nf3 d6 6. O-O c5 7. b3 Nc6 8. Bb2 e5 9. d3 a6 10. Nd2 Rb8 11. e3 Be6 12. Rc1 Qd7 13. Nde4 h6 14. Nxf6+ Bxf6 15. f4 Bg7 16. Nd5 f5 17. Qd2 Kh7 18. Rf2 b5 19. Rcf1 a5 20. e4 Nd4 21.
Bxd4 cxd4 22. exf5 gxf5 23. Qxa5 bxc4 24. bxc4 Rf7 25.
Qd2 Kh8 26. Re1 Re8 27. Rfe2 Bxd5 28. Bxd5 Rfe7 29. Kf2 Qa7 30. Kg2 Qc5 31. g4 e4 32.
dxe4 fxe4 33. Rxe4 Rxe4 34. Rxe4 Rxe4 35. Bxe4 Qxc4 36.
Qc2 Qe6 37. Bf5 Qd5+ 38. Kg3 Bf6 39. Qc8+ Kg7 40. Be6 Bh4+ 41. Kxh4 Qf3 42. Qg8+ Kf6 43. Qf7# 1-0

[Event "*** Titled Tuesday Blitz"]
[Site "Chess.com"]
[Date "2021.02.09"]
[Round "6"]
[White "Chessmasterzt"]
[Black "ShahMatKanal"]
[Result "0-1"]
[WhiteElo "2603"]
[BlackElo "2479"]
[TimeControl "180+1"]
[EndTime "11:08:46 PST"]
[Termination "ShahMatKanal won by checkmate"]

1. d4 Nf6 2. c4 e6 3. g3 Bb4+ 4. Nd2 c5 5. Nf3 cxd4 6. Nxd4 Nc6 7. a3 Be7 8. N2b3 d5 9. Bg2 O-O 10. cxd5 exd5 11. O-O Re8 12. Bf4 Bg4 13. Rc1 Rc8 14. h3 Bh5 15. Re1 Bf8 16. Nxc6 bxc6 17. Nc5 Bg6 18.
Qa4 Qb6 19. b4 Ne4 20. Nxe4 Bxe4 21. Be3 d4 22. Bf4 Bxg2 23. Kxg2 c5 24. bxc5 Bxc5 25. Rb1 Qe6 26. Rbc1 g5 27. Bd2 Bb6 28. Rxc8 Rxc8 29. Qb5 h6 30. Qd3 Re8 31. Kg1 Qxh3 32. a4 Bc7 33. a5 a6 34. Rc1 Re3 35. Bxe3 Bxg3 36. Bxd4 Bh2+ 37. Kh1 Bg3+ 38. Kg1 Qh2+ 39. Kf1 Qh1# 0-1

[Event "*** Titled Tuesday Blitz"]
[Site "Chess.com"]
[Date "2021.02.09"]
[Round "6"]
[White "DonPreuss"]
[Black "c_r_e_e_p_e_r"]
[Result "1-0"]
[WhiteElo "2245"]
[BlackElo "2392"]
[TimeControl "180+1"]
[EndTime "11:08:47 PST"]
[Termination "DonPreuss won by checkmate"]

1. d4 Nf6 2. Nc3 e6 3. e4 Bb4 4. e5 Nd5 5. Qg4 Nxc3 6. Qxg7 Rf8 7. a3 Ba5 8. Bd2 Nb5 9. Bxa5 Nxd4 10. O-O-O Nbc6 11. Bc3 Nf5 12. Qxh7 Qg5+ 13. Kb1 d5 14. exd6 cxd6 15. Nf3 Qe7 16. g4 Bd7 17. gxf5 O-O-O 18. f6 Qe8 19. Rxd6 Kb8 20. Bb5 a6 21. Bxc6 Bxc6 22. Rxd8+ Qxd8 23. Qh5 Qd5 24. Qxd5 Bxd5 25. Rg1 Bxf3 26. Rg7 Bh5 27. h4 Bg6 28. Be5+ Ka7 29.
b3 Rh8 30. Kb2 Rxh4 31. Rg8 Re4 32. f4 Re2 33. Kc3 Rxc2+ 34. Kb4 Rd2 35. Rxg6 fxg6 36.
f7 Rd8 37. Bg7 Kb6 38. f8=Q Rxf8 39. Bxf8 a5+ 40. Kc4 Kc6 41. Bg7 b5+ 42. Kd4 Kd6 43.
Be5+ Kc6 44. b4 a4 45. Bf6 Kd6 46. Be5+ Kc6 47. Bb8 Kd7 48. Kc5 Kc8 49. Be5 Kd7 50. Kxb5 Ke7 51. Kxa4 Kf7 52. b5 g5 53. fxg5 Kg6 54. Bf6 e5 55. Bxe5 Kxg5 56. Bc7 Kf5 57. b6 Ke4 58. b7 Kd5 59. b8=Q Kc6 60. Qb6+ Kd7 61. Qd6+ Kc8 62. Bb6 Kb7 63. Qc7+ Ka6 64. Qa7# 1-0

[Event "*** Titled Tuesday Blitz"]
[Site "Chess.com"]
[Date "2021.02.09"]
[Round "6"]
[White "kubal123"]
[Black "ChelsieMonica"]
[Result "0-1"]
[WhiteElo "2201"]
[BlackElo "2348"]
[TimeControl "180+1"]
[EndTime "11:08:47 PST"]
[Termination "ChelsieMonica won by resignation"]

1. e4 e5 2. Nf3 Nc6 3. Bb5 a6 4. Ba4 Nf6 5. d3 b5 6. Bb3 Be7 7. c3 Kf8 8. O-O h6 9. Re1 d6 10. d4 Bg4 11. d5 Na5 12. Bc2 g5 13. h3 Bh5 14. Nbd2 Qd7 15. Nf1 g4 16. hxg4 Bxg4 17. Ne3 Bh5 18. Nf5 Ng8 19. a4 bxa4 20. Bxa4 Qd8 21. Qd3 Nb7 22. Bc6 Nc5 23. Qe3 Bg5 24. Nxg5 hxg5 25. Bxa8 Qxa8 26. Qxg5 Bg6 27. Nh4 Ne7 28.
Nxg6+ Nxg6 29. b4 Nd7 30. b5 a5 31. Be3 Kg7 32. g3 a4 33. Ra3 Qa5 34. Rea1 Qxb5 35.
Rxa4 Qe2 36. R4a2 Qf3 37. Qh6+ Rxh6 38. Bxh6+ Kxh6 39. Ra7 Qd3 40. Rxc7 Nf6 41. Rxf7 Nxe4 42. Raa7 Qxc3 43. Rh7+ Kg5 44. Rag7 Qf3 45. Rf7 Qd1+ 46.
Kg2 Qxd5 47. f4+ exf4 48. gxf4+ Nxf4+ 49. Kf3 Nf6+ 0-1

[Event "*** Titled Tuesday Blitz"]
[Site "Chess.com"]
[Date "2021.02.09"]
[Round "6"]
[White "ega2006"]
[Black "elextranjero00"]
[Result "0-1"]
[WhiteElo "2411"]
[BlackElo "2596"]
[TimeControl "180+1"]
[EndTime "11:08:48 PST"]
[Termination "elextranjero00 won by resignation"]

1. e4 e5 2. Nf3 Nc6 3. Bc4 Nf6 4. d3 h6 5. O-O d6 6. Re1 g5 7. c3 Bg7 8. Na3 Ne7 9. Nc2 Ng6 10. Ne3 g4 11.
Nd2 h5 12. Nf5 Bxf5 13. exf5 Ne7 14. d4 exd4 15. cxd4 O-O 16. Nf1 Nxf5 17. Qd3 Qd7 18. Bb3 c5 19. Be3 Rfe8 20. Bc2 Nxd4 21. Bxd4 cxd4 22. Ng3 Rxe1+ 23. Rxe1 Re8 24. Rd1 Re5 25. Qxd4 Qe6 26. Qxd6 Re1+ 27. Nf1 Qxd6 28. Rxd6 Kf8 29. g3 Rc1 30. Bb3 Ke7 31. Rd4 Nd7 32. Re4+ Ne5 33. Kg2 Kd6 34. Rd4+ Kc7 35. Rd1 Rxd1 36. Bxd1 Nd3 37.
b3 Bd4 38. Ne3 Bxe3 39. fxe3 Kd6 40. Bc2 Ne1+ 41. Kf1 Nxc2 42. Ke2 Nb4 43. a3 Nc6 44. Kd3 Ke5 45. e4 f6 46. Ke3 b6 47. b4 a5 48. b5 Na7 49. a4 Nc8 50. Kd3 Nd6 51. Ke3 Nxe4 0-1

[Event "*** Titled Tuesday Blitz"]
[Site "Chess.com"]
[Date "2021.02.09"]
[Round "6"]
[White "Witik"]
[Black "Balla_Tamas"]
[Result "1-0"]
[WhiteElo "2710"]
[BlackElo "2485"]
[TimeControl "180+1"]
[EndTime "11:08:49 PST"]
[Termination "Witik won by resignation"]

1. e4 c5 2. Nf3 e6 3. d4 cxd4 4.
Nxd4 a6 5. c4 Nf6 6. Nc3 Qc7 7. a3 Nxe4 8. Nxe4 Qe5 9. Bd3 Qxd4 10. Be3 Qxb2 11. O-O f5 12. Ng5 Qf6 13. c5 Nc6 14.
Bc4 Be7 15. f4 b5 16. cxb6 d5 17. Bb3 O-O 18. Ba4 Bb7 19. Re1 Qg6 20. Bf2 Bxg5 21. fxg5 Rad8 22. Rc1 Na5 23. Rc7 Rf7 24. h4 Nc4 25.
Qd4 e5 26. Rxe5 Nxe5 27. Qxe5 Qd6 28. Bd4 Qxe5 29. Bxe5 d4 30. Bb3 Bd5 31. Bxd5 Rxd5 32. Rc8+ Rf8 33. Rxf8+ Kxf8 34. b7 Rxe5 35. b8=Q+ Re8 36.
Qd6+ Kf7 37. h5 Re6 38. Qd7+ Re7 39. Qxd4 g6 40. h6 Ke6 41. Qf6+ Kd7 42. Qxa6 Re6 43.
Qb7+ Kd6 44. Qxh7 Re7 45. Qxe7+ Kxe7 46. h7 1-0

[Event "*** Titled Tuesday Blitz"]
[Site "Chess.com"]
[Date "2021.02.09"]
[Round "6"]
[White "Piotrek1979"]
[Black "Natalya_Buksa"]
[Result "0-1"]
[WhiteElo "2386"]
[BlackElo "2570"]
[TimeControl "180+1"]
[EndTime "11:08:49 PST"]
[Termination "Natalya_Buksa won on time"]

1. e4 c5 2. Nf3 Nc6 3. d4 cxd4 4. Nxd4 Nf6 5. Nc3 e5 6. Ndb5 d6 7. Bg5 a6 8. Na3 b5 9. Nd5 Be7 10. Bxf6 Bxf6 11. c3 Rb8 12. Nc2 Bg5 13. h4 Bh6 14. g3 O-O 15. Bh3 Be6 16. Kf1 Qd7 17. Kg2 Ne7 18. Nce3 Bxe3 19. Nxe3 d5 20. exd5 Nxd5 21. Kh2 Rfd8 22. Nxd5 Qxd5 23. Qxd5 Bxd5 24. Rhe1 f6 25.
Re3 Kf7 26. b3 Rd6 27. Rae1 Rbd8 28. f4 e4 29. Bf5 Re8 30. Bxe4 Bxe4 31. Rxe4 Rd2+ 32.
Kh3 Rxe4 33. Rxe4 Rxa2 34. c4 bxc4 35. Rxc4 h5 36. f5 Ra5 37. Rc7+ Kg8 38. g4 hxg4+ 39. Kxg4 Rb5 40. Ra7 a5 41. h5 Kh7 42. Ra8 Rb4+ 43. Kf3 Rxb3+ 44. Ke4 Rb4+ 45. Kf3 a4 46. Rc8 Kh6 47.
Rh8+ Kg5 48. Rh7 Rb7 49. h6 Rb3+ 50. Ke4 Rb4+ 51. Kf3 gxh6 52. Rh8 h5 53. Rg8+ Kxf5 54.
Rh8 h4 55. Rh5+ Kg6 56. Ra5 h3 57. Kg3 Rb3+ 58. Kh2 a3 59. Ra8 Kg5 60. Ra5+ f5 61. Ra7 Kg4 62. Ra8 Rb2+ 63. Kh1 a2 64. Ra4+ f4 0-1

[Event "*** Titled Tuesday Blitz"]
[Site "Chess.com"]
[Date "2021.02.09"]
[Round "6"]
[White "oykuince"]
[Black "LenkaPtacnikova"]
[Result "1-0"]
[WhiteElo "1978"]
[BlackElo "2132"]
[TimeControl "180+1"]
[EndTime "11:08:49 PST"]
[Termination "oykuince won on time"]

1. e4 c5 2. Nf3 e6 3. d4 cxd4 4. Nxd4 Nf6 5. Nc3 Nc6 6. g3 Be7 7. Bg2 O-O 8. O-O a6 9. Nxc6 dxc6 10. e5 Nd5 11. Qg4 Nxc3 12. bxc3 Qc7 13. Bf4 Rd8 14. h4 b5 15. h5 Bb7 16. h6 g6 17. Rfe1 c5 18.
Bxb7 Qxb7 19. Bg5 c4 20. Qh4 Ra7 21. Rad1 Rd5 22. Rxd5 exd5 23. e6 f5 24. Qd4 Bxg5 25. e7 Qxe7 26. Rxe7 Rxe7 27. Qxd5+ Kf8 28. Qa8+ Kf7 29.
Qxa6 Bxh6 30. Qxb5 Bg7 31. Qxc4+ Kf8 32. Qc8+ Kf7 33. c4 Be5 34. c5 Rc7 35. Qd8 Rxc5 36. Qd7+ Kf6 37. Qd8+ Kf7 38. Qd7+ Kf6 39. Qxh7 1-0

[Event "*** Titled Tuesday Blitz"]
[Site "Chess.com"]
[Date "2021.02.09"]
[Round "6"]
[White "nrvisakh"]
[Black "Susal_De_Silva"]
[Result "1-0"]
[WhiteElo "2757"]
[BlackElo "2612"]
[TimeControl "180+1"]
[EndTime "11:08:50 PST"]
[Termination "nrvisakh won on time"]

1. Nf3 Nf6 2. g3 b6 3. Bg2 Bb7 4. O-O g6 5. c4 Bg7 6. Nc3 O-O 7. Re1 d6 8. e4 Nbd7 9. d4 e5 10. d5 a5 11. Rb1 Nc5 12. Qc2 Bc8 13. b3 Ne8 14. a3 f5 15. b4 axb4 16. axb4 fxe4 17.
Ng5 Nd3 18. Rxe4 Nxc1 19. Qxc1 Bf5 20. Ne6 Bxe6 21. dxe6 Qf6 22. Re2 Rb8 23. Bc6 Kh8 24. Bd7 Qf3 25. Qe3 Qxe3 26. fxe3 Nf6 27. Bc6 Bh6 28. Rf1 Kg7 29. e7 Rg8 30. Nd5 Nxd5 31. Bxd5 Rge8 32. Rf7+ Kh8 33. Bc6 Bg7 34. Ref2 Kg8 35.
Bd5 Kh8 36. Bc6 Kg8 37. b5 h5 38. Kg2 Kh7 39. g4 hxg4 40. Kg3 Kh6 41. Kxg4 Kh7 42.
R2f3 Kg8 43. Bd5 1-0

[Event "*** Titled Tuesday Blitz"]
[Site "Chess.com"]
[Date "2021.02.09"]
[Round "6"]
[White "Gabrielian_Artur"]
[Black "kuban1991"]
[Result "1-0"]
[WhiteElo "2821"]
[BlackElo "2891"]
[TimeControl "180+1"]
[EndTime "11:08:51 PST"]
[Termination "Gabrielian_Artur won on time"]

1. c4 g6 2. Nc3 Bg7 3. g3 c5 4.
Bg2 Nc6 5. Nf3 e6 6. O-O Nge7 7. e3 Nf5 8. b3 O-O 9. Bb2 d5 10. cxd5 exd5 11. Rc1 b6 12. d4 Ba6 13. Re1 cxd4 14.
Ne2 Bxe2 15. Rxe2 Rc8 16. Rec2 Qd7 17. exd4 Nb4 18. Rxc8 Rxc8 19. Ne5 Rxc1 20. Bxc1 Bxe5 21. dxe5 Nxa2 22. Bb2 d4 23. Qd2 a5 24. Bh3 Nb4 25. Bxf5 Qxf5 26. Bxd4 Qd7 27. Qc3 Nd5 28. Qc4 Qe6 29. h4 h5 30. Kg2 Kg7 31. f3 Kh7 32. Kf2 Kg7 33. Bb2 Kh7 34. Qd4 Nb4 35. Kg2 b5 36. Bc3 Nc6 37. Qc5 a4 38. bxa4 bxa4 39. Bb2 a3 40. Qxa3 Nxe5 41. Qc3 f6 42. Qc7+ Nf7 43.
Qc2 Kg7 44. Bd4 Qf5 45. Qc6 Ne5 46. Qb7+ Nf7 47. Qe7 1-0